 Dungeon Crawl Stone Soup version 0.14-a0-1721-g84c87b2 (webtiles) character file.

233 Kae the Insei (level 4, -2/35 HPs)
             Began as a Draconian Transmuter on Jan 2, 2014.
             Killed from afar by an orc wizard (5 damage)
             ... with a magic dart
             ... on Level 3 of the Dungeon.
             The game lasted 00:03:08 (2415 turns).

Kae the Insei (Draconian Transmuter)                Turns: 2415, Time: 00:03:09

HP  -2/35        AC  5     Str 17      XL: 4   Next: 75%
MP   6/7         EV 17     Int 13      God:
Gold 113         SH  0     Dex 18      Spells:  1 memorised,  6 levels left

rFire  . . .     SeeInvis .       - Unarmed
rCold  . . .     Clarity  .     (armour unavailable)
rNeg   . . .     Conserve .     (no shield)
rPois  .         rCorr    .     (helmet restricted)
rElec  .         rRot     .     (no cloak)
SustAb . .       Spirit   .     (no gloves)
rMut   .         Warding  .     (no boots)
Saprov . . .     Stasis   .     (no amulet)
                                (no ring)
                                (no ring)

@: appendage, mighty, agile, slowed, very slow, slightly resistant to hostile
enchantments, stealthy
A: unfitting armour, horns 2, AC +5
a: End Transformation


You were on level 3 of the Dungeon.
You were not hungry.
You had grown temporary horns.
You visited 1 branch of the dungeon, and saw 3 of its levels.

You collected 113 gold pieces.

Inventory:

Missiles
 b - 60 arrows
 c - 7 tomahawks (quivered)
Comestibles
 a - 2 bread rations
 f - a meat ration
 m - a pear
Scrolls
 e - 5 scrolls of identify {unknown}
 g - 4 scrolls of teleportation {unknown}
 h - 2 scrolls of remove curse {unknown}
 n - 3 scrolls of immolation {unknown}
 o - 2 scrolls of curse armour {unknown}
 q - a scroll of enchant weapon I {unknown}
 s - a scroll of enchant armour {unknown}
Jewellery
 k - a cursed ring of hunger {unknown}
Potions
 i - a potion of restore abilities
 j - a potion of agility
 p - a potion of curing {unknown}
Books
 d - a book of Changes

   Spells                             Type                      Level
   *Beastly Appendage                 Transmutation                1
   Sticks to Snakes                   Transmutation                2
   Spider Form                        Transmutation/Poison         3
   Ice Form                           Ice/Transmutation            4
   Blade Hands                        Transmutation                5


   Skills:
 - Level 1.1 Fighting
 - Level 1.7 Dodging
 * Level 4.9 Unarmed Combat
 - Level 2.0 Spellcasting
 + Level 3.2 Transmutations


You had 6 spell levels left.
You knew the following spells:

 Your Spells              Type           Power        Failure   Level  Hunger
a - Beastly Appendage     Trmt           #.....       10%         1    ##.....


Dungeon Overview and Level Annotations

Branches:
Dungeon (3/16)

Altars:
Xom


Innate Abilities, Weirdness & Mutations

Your plain brown scales are hard (AC +5).
Your body does not fit into most forms of armour.
Your cold-blooded metabolism reacts poorly to cold.
You have a pair of horns on your head.


Message History

The orc wizard casts a spell at you.
You feel yourself slow down.
Drink which item? (? for menu, Esc to quit)
You feel refreshed.
It was a potion of restore abilities.
The orc wizard barely misses you. The orc wizard closely misses you.
The orc wizard barely misses you.
Drink which item? (? for menu, Esc to quit)
You feel agile all of a sudden.
It was a potion of agility.
The orc wizard hits you but does no damage.
The orc wizard misses you.
The orc wizard hits you but does no damage.
Drink which item? (? for menu, Esc to quit)
You can't drink that!
Drink which item? (? for menu, Esc to quit)
You feel very mighty all of a sudden.
It was a potion of might.
The orc wizard points at you and mumbles some strange words.
The magic dart hits you!
You die...

######## #.......#
#....... #...... ...$. .o.
#o# #@# ## #.# #. #.# #+#
#. #.######.# #.
#########(.....#.########.
#.....%.......>...).......
##.###########.#.########.
#.# #####.#.......... #.#
#..|..##########.


You could see an orc wizard and an orc.

Vanquished Creatures
  3 adders
  2 worms (D:3)
  A giant gecko (D:1)
  3 orcs (D:3)
  2 ball pythons (D:3)
  8 bats
  3 giant cockroaches
  15 goblins
  6 hobgoblins
  3 giant newts
  10 jackals
  9 kobolds
  5 rats
70 creatures vanquished.

Notes
Turn   | Place    | Note
--------------------------------------------------------------
     0 | D:1      | Kae, the Draconian Transmuter, began the quest for the Orb.
     0 | D:1      | Reached XP level 1. HP: 16/16 MP: 3/3
    75 | D:1      | Reached XP level 2. HP: 15/23 MP: 4/4
   708 | D:1      | Reached XP level 3. HP: 25/28 MP: 6/6
   740 | D:2      | Reached skill level 4 in Unarmed Combat
  1325 | D:2      | Reached XP level 4. HP: 21/35 MP: 7/7
  1857 | D:3      | Found a shimmering altar of Xom.
  2415 | D:3      | Killed from afar by an orc wizard

Action                   |  1- 3 |  4- 6 || total
-------------------------+-------+-------++-------
Melee: Unarmed           |   180 |    83 ||   263
 Cast: Beastly Appendage |    13 |    13 ||    26
  Use: Potion            |       |     3 ||     3
